 Dungeon Crawl Stone Soup version 0.24.0-29-g8ce449bc06 (webtiles) character file.

Game seed: 10128937269025827833, levelgen mode: deterministic

192 Esekla the Skirmisher (level 5, -5/42 HPs)
             Began as a Demonspawn Wanderer on Nov 17, 2019.
             Killed from afar by an orc wizard (11 damage)
             ... with a puff of flame
             ... on level 4 of the Dungeon.
             The game lasted 00:17:42 (3129 turns).

Esekla the Skirmisher (Demonspawn Wanderer)         Turns: 3129, Time: 00:17:43

Health: -5/42      AC:  6    Str:  9 (12) XL:     5   Next: 42%
Magic:  15/15      EV: 10    Int: 15 (17) God:
Gold:   217        SH:  0    Dex:  7 (10) Spells: 5/6 levels left

rFire    . . .     SeeInvis .   a - +2 dagger
rCold    . . .     Gourm    .   (no shield)
rNeg     . . .     Faith    .   c - +1 ring mail
rPois    .         Spirit   .   (helmet restricted)
rElec    .         Reflect  .   (no cloak)
rCorr    .         Harm     .   (no gloves)
MR       .....                  (no boots)
Stlth    +.........             (no amulet)
HPRegen  0.14/turn              i - ring of magical power
MPRegen  0.14/turn              n - ring of stealth

@: no status effects
A: antennae 1, powered by pain 1, rot immunity
a: no special abilities


You were on level 4 of the Dungeon.
You were not hungry.

You visited 1 branch of the dungeon, and saw 4 of its levels.

You collected 217 gold pieces.

Inventory:

Hand Weapons
 a - a +2 dagger (weapon)
Missiles
 d - 2 javelins (quivered)
 k - 2 boomerangs of dispersal
Armour
 c - a +1 ring mail (worn)
Jewellery
 i - a ring of magical power (left hand)
 n - a ring of stealth (right hand)
Scrolls
 g - a scroll of fog {unknown}
 h - 4 scrolls of teleportation
 o - a scroll of enchant armour
 p - a scroll of identify
Potions
 b - a potion of degeneration
 e - 2 potions of curing
 j - 2 potions of lignification
 l - a potion of haste {unknown}
 m - a potion of heal wounds {unknown}
Comestibles
 f - 11 rations


   Skills:
 + Level 3.9 Fighting
 * Level 3.0 Short Blades
   Level 1.0 Crossbows
 - Level 2.0 Throwing
 + Level 2.1 Armour
 + Level 1.2 Dodging
 + Level 1.1 Spellcasting
 + Level 1.7 Translocations


You had 5 spell levels left.
You knew the following spells:

 Your Spells              Type           Power        Failure   Level  Hunger
a - Apportation           Tloc           #.....       32%         1    ##.....

Your spell library contained the following spells:

 Spells                   Type           Power        Failure   Level  Hunger
 Recall                   Summ/Tloc      N/A          80%         3    ####...


Dungeon Overview and Level Annotations

Branches:
Dungeon (4/15)
 Temple: D:4-7

Altars:
Ashenzari
Cheibriados


Innate Abilities, Weirdness & Mutations

You have a pair of small antennae on your head.
You sometimes gain a little power by taking damage.
You are immune to rotting.


Message History

The orc wizard seems to speed up.
You feel better.
The orc wizard hits you but does no damage.
The orc wizard barely misses you.
You hit the orc wizard.
The orc wizard is heavily wounded.
The orc wizard hits you but does no damage.
You hit the orc wizard.
The orc wizard is severely wounded.
The orc wizard points at you and mumbles some strange words.
The puff of frost hits you!
* * * LOW HITPOINT WARNING * * *
The orc wizard mumbles some strange words.
The orc wizard flickers and vanishes!
Deactivating autopickup; reactivate with Ctrl-A.
You miss something.
You hear some strange, mumbled words.
A puff of flame appears from out of thin air!
The puff of flame hits you!
You die...

.................##....#
.......................#
.....##................#
.....##...####...##....#
.....##...####.[.########
......<..........#......#
......(..........#......#
................{)......#
#######...##....@#......#
##########+#.)....#
o.....# ......# ......#
.(...(# .######


There were no monsters in sight!

Vanquished Creatures
  7 adders
  2 oozes (D:2)
  4 worms
  2 dart slugs
  2 leopard geckos
  9 orcs
  6 giant cockroaches
  9 hobgoblins
  12 jackals
  4 quokkas
  A ball python (D:1)
  12 bats
  2 frilled lizards (D:2)
  7 goblins
  5 kobolds
  8 rats
92 creatures vanquished.

Notes
Turn   | Place    | Note
-------+----------+-------------------------------------------
     0 | D:1      | Esekla the Demonspawn Wanderer began the quest for the Orb.
     0 | D:1      | Esekla set off with the following items: a +2 dagger, 2
                  | curare-tipped darts, a +0 ring mail, a ration; and the
                  | following spell memorised: Apportation; and the following
                  | spells available to memorise: Recall
     0 | D:1      | Reached XP level 1. HP: 18/18 MP: 2/2
   212 | D:1      | Gained mutation: You have a pair of small antennae on your
                  | head. [demonic ancestry]
   212 | D:1      | Reached XP level 2. HP: 23/24 MP: 3/3
   520 | D:1      | Reached skill level 1 in Short Blades
   675 | D:2      | Gained mutation: You sometimes gain a little power by
                  | taking damage. [demonic ancestry]
   675 | D:2      | Reached XP level 3. HP: 19/29 MP: 4/4
  1233 | D:2      | Found a shattered altar of Ashenzari.
  1303 | D:2      | Reached XP level 4. HP: 33/36 MP: 5/5
  1934 | D:3      | Reached skill level 1 in Dodging
  2154 | D:3      | Gained mutation: You are immune to rotting. [demonic
                  | ancestry]
  2154 | D:3      | Reached XP level 5. HP: 37/42 MP: 6/6
  2351 | D:3      | HP: 2/42 [adder (3)]
  3015 | D:4      | Found a snail-covered altar of Cheibriados.
  3129 | D:4      | Killed from afar by an orc wizard

Levels and vault maps discovered:
D:1:      eino_arrival_cavern_a, layout_basic
D:2:      layout_loops_corners, overflow_temple_1_default,
          minmay_misc_feat_pillars
D:3:      layout_basic, minmay_circle_x
D:4:      layout_gridville, minmay_overflow_temple_star_quad,
          cheibriados_altar_1, first_ration, uniq_robin, uniq_ijyb, uniq_edmund,
          uniq_grinder

Skill      XL: |  1  2  3  4  5 |
---------------+----------------+-----
Throwing       | 2 |  2.0
Short Blades   | 1 2 3 |  3.0
Dodging        | 1 |  1.2
Armour         | 2 |  2.1
Fighting       | |  3.9
Crossbows      | |  1.0
Spellcasting   | |  1.1
Translocations | |  1.7

Action                   |  1- 3 |  4- 6 || total
-------------------------+-------+-------++-------
Melee: Dagger            |   191 |   284 ||   475
Throw: Dart              |     1 |     4 ||     5
       Javelin           |       |     4 ||     4
 Cast: Apportation       |     1 |       ||     1
  Use: Scroll            |       |     6 ||     6
       Potion            |       |     3 ||     3
  Eat: Chunk             |     1 |     4 ||     5
       Ration            |       |     1 ||     1
Armor: Ring mail         |    70 |    95 ||   165
Dodge: Dodged            |    98 |   126 ||   224
